 Dungeon Crawl Stone Soup version 0.27-a0-650-g8dd3ea4f36 (webtiles) character file.

Game seed: 8997810826984589953

62 pokeman the Magician (level 3, -7/20 HPs)
             Began as a Deep Elf Hedge Wizard on Mar 15, 2021.
             Mangled by an ogre
             ... wielding a +0 giant club
              (20 damage)
             ... on level 2 of the Dungeon.
             The game lasted 00:04:25 (2124 turns).

pokeman the Magician (Deep Elf Hedge Wizard)        Turns: 2124, Time: 00:04:25

Health: -7/20      AC:  4    Str:  7    XL:     3   Next: 85%
Magic:  4/12       EV: 11    Int: 19    God:
Gold:   107        SH:  0    Dex: 14    Spells: 2/13 levels left

rFire    . . .     SeeInvis .   d - +0 mace (venom)
rCold    . . .     Faith    .   (no shield)
rNeg     . . .     Spirit   .   h - +0 leather armour
rPois    .         Reflect  .   c - +0 hat
rElec    .         Harm     .   (no cloak)
rCorr    .         Rampage  .   k - +0 pair of gloves
Will     .....                  (no boots)
Stlth    ++........             (no amulet)
HPRegen  0.06/turn              (no ring)
MPRegen  0.13/turn              (no ring)

@: no status effects
A: no striking features
a: no special abilities


You were on level 2 of the Dungeon.
You visited 1 branch of the dungeon, and saw 2 of its levels.

You collected 107 gold pieces.

Inventory:

Hand Weapons
 d - a +0 mace of venom (weapon)
Armour
 c - a +0 hat (worn)
 h - a +0 leather armour (worn)
 k - a +0 pair of gloves (worn)
Wands
 l - a wand of polymorph (5)
Scrolls
 a - a scroll of enchant armour {unknown}
 e - 6 scrolls of identify {unknown}
 f - 2 scrolls of enchant weapon {unknown}
 j - a scroll of noise {unknown}
Potions
 b - a potion of curing {unknown}
 g - a potion of heal wounds {unknown}
 i - a potion of degeneration {unknown}


   Skills:
 - Level 1.0 Fighting
 - Level 1.0 Armour
 + Level 2.4 Dodging
 - Level 2.4 Stealth
 * Level 5.5 Spellcasting
 + Level 2.0 Conjurations
 - Level 1.1 Summonings
 - Level 1.1 Translocations
 + Level 0.2 Fire Magic


You had 2 spell levels left.
You knew the following spells:

 Your Spells              Type           Power      Damage    Failure   Level
a - Magic Dart            Conj           48%        1d5       8%          1
b - Mephitic Cloud        Conj/Pois/Air  7%         N/A       36%         3
c - Call Imp              Summ           9%         N/A       17%         2
d - Blink                 Tloc           N/A        N/A       17%         2
e - Conjure Flame         Conj/Fire      9%         6-21      32%         3

Your spell library contained the following spells:

 Spells                   Type           Power      Damage    Failure   Level
 Slow                     Hex            5%         N/A       26%         2


Dungeon Overview and Level Annotations

Branches:
Dungeon (2/15)

Altars:
Okawaru


Message History

Aiming: Magic Dart (safe; 8% risk of failure)
Press: ? - help, Shift-Dir - straight line, f/p - ogre
Aim: an ogre, wielding a +0 giant club (heavily wounded, confused, 0% to evade)
The magic dart hits the ogre.
The ogre is heavily wounded.
The ooze hits you.
Unknown command.
You hit the ooze.
The ooze is heavily wounded.
The ooze hits you.
Your magical contamination has completely faded away.
The rat barely misses you.
You barely miss the rat. The rat closely misses you. The rat barely misses you.
You closely miss the rat. The rat bites you.
You hit the rat.
The rat is poisoned.
The rat is moderately wounded.
The rat bites you.
You hit the rat.
You kill the rat!
The ooze barely misses you.
You hit the ooze.
The ooze is severely wounded.
The ooze hits you but does no damage.
You hit the ooze.
You kill the ooze!
Your Conjurations skill increases to level 2!
You hit the ogre.
The ogre is heavily wounded.
The ogre barely misses you.
You hit the ogre.
The ogre is poisoned.
The ogre is severely wounded.
The ogre closely misses you. The ogre barely misses you.
You hit the ogre.
The ogre looks even sicker.
The ogre is severely wounded.
The ogre barely misses you.
You hit the ogre.
The ogre looks as sick as possible!
The ogre is severely wounded.
The ogre hits you with a +0 giant club!!
Ouch! That really hurt!
You die...

.### .... ### #..##.##
########### ......##
#.........# #..O..#
##.########## #....#
##......≈)≈...
#.#.#.####.......≈≈≈.8.
#.....O@............8_8
###.#.#####......≈≈≈.8.
#.#'# ##.....≈)≈... #
... #.....##### ....
####...# .....
####...#### .......
#.........### '.....
'.............
##.........###


You could see an ogre (extremely poisoned).

Vanquished Creatures
  An adder (D:2)
  An ooze (D:2)
  A worm (D:2)
  A ball python (D:1)
  4 bats
  4 giant cockroaches (D:1)
  7 goblins
  5 hobgoblins
  2 jackals (D:2)
  5 kobolds
  7 frilled lizards
  4 rats
42 creatures vanquished.

Notes
Turn   | Place    | Note
-------+----------+-------------------------------------------
     0 | D:1      | pokeman the Deep Elf Hedge Wizard began the quest for the
                  | Orb.
     0 | D:1      | Reached XP level 1. HP: 10/10 MP: 7/7
   307 | D:1      | Reached XP level 2. HP: 15/15 MP: 6/9
   814 | D:1      | Reached skill level 5 in Spellcasting
  1089 | D:1      | Reached XP level 3. HP: 19/20 MP: 6/11
  1093 | D:1      | Learned a level 3 spell: Mephitic Cloud
  1096 | D:1      | Learned a level 2 spell: Call Imp
  1099 | D:1      | Learned a level 2 spell: Blink
  1103 | D:1      | Learned a level 3 spell: Conjure Flame
  1851 | D:2      | Reached skill level 1 in Fighting
  1851 | D:2      | Reached skill level 1 in Armour
  2042 | D:2      | Found an iron altar of Okawaru.
  2103 | D:2      | Noticed an ogre
  2124 | D:2      | Mangled by an ogre

Illustrated notes

Levels and vault maps discovered:
D:1:      roderic_octagonal_star, layout_loops_ring
D:2:      layout_loops_corners, kennysheep_okawaru_gauntlet, uniq_natasha

Skill      XL: |  1  2  3 |
---------------+----------+-----
Spellcasting   | 5 |  5.5
Fighting       | 1 |  1.0
Armour         | 1 |  1.0
Conjurations   | 2 |  2.0
Dodging        | |  2.4
Stealth        | |  2.4
Summonings     | |  1.1
Translocations | |  1.1
Fire Magic     | |  0.2

Action                   || total
-------------------------++-------
Melee: Mace              ||    20
 Cast: Magic Dart        ||    87
       Mephitic Cloud    ||     2
Armor: Leather armour    ||     5
Dodge: Dodged            ||    35

Table legend: (Time is in decaauts)
 A = Elapsed time spent in this place.
 B = Non-inter-level travel time spent in this place.
 C = Inter-level travel time spent in this place.
 D = Time resting spent in this place.
 E = Time spent auto-exploring this place.
 F = Levels seen in this place.
 G = Mean time per level.
                   A        B        C        D        E       F      G
               +--------+--------+--------+--------+--------+-----+--------+
         Total |   2130 |   2120 |     10 |      0 |   1883 |   2 | 1065.0 |
       Dungeon |   2130 |   2120 |     10 |      0 |   1883 |   2 | 1065.0 |
               +--------+--------+--------+--------+--------+-----+--------+

Top non-repeatable levels by time:
     D:1: 1243 daAuts
     D:2: 886 daAuts
